AoeStats
← 老魔打帝国

Arabia

507656977Analyzed
1v1 RM · 11d ago on Sep 19, 2026· 46m 43s· 2 players
Game mode
Random Map
Map size
Tiny (2 player)
Population
200
Speed
Normal
Resources
Standard
Victory
Conquest
Starting age
Dark Age
Ending age
Imperial Age
RankedLock teamsTeams togetherTeam positionsShared explorationLock speedFull tech treeHidden civsTurbo modeCheats
Victory
Defeat
🇨🇳 Spanish · China
1149
+15
🇻🇳 Mongols · Vietnam
1119
-15
老魔打帝国
6:29 Loom
9:21 Feudal Age
15:34 Fletching
22:33 Padded Archer Armor
22:28 Horse Collar
27:40 Castle Age
25:39 Double-Bit Axe
28:53 Bloodlines
30:29 Husbandry
31:04 Scale Barding Armor
36:24 Light Cavalry
37:04 Gold Mining
43:08 Imperial Age
41:24 Chain Barding Armor
41:24 Heavy Plow
44:26 Cavalier
SayNang
8:29 Feudal Age
13:27 Double-Bit Axe
16:49 Padded Archer Armor
21:54 Fletching
29:30 Castle Age
29:06 Scale Barding Armor
30:23 Husbandry
31:12 Bloodlines
31:17 Loom
33:15 Wheelbarrow
32:33 Stone Mining
34:41 Elite Skirmisher
35:48 Bow Saw
35:47 Gold Mining
37:22 Bodkin Arrow
42:25 Hand Cart
42:58 Leather Archer Armor
45:36 Ballistics
Connection lost

Rejoining the realm…

Still unreachable

The connection could not be restored.

Session expired

The server has moved on; the page needs a fresh start.